 Dungeon Crawl Stone Soup version 0.28-a0-312-gbced6e68ee (webtiles) character file.

Game seed: 14422684094297025631

772 theanonym the Magician (level 7, -2/46 HPs)
             Began as a Mummy Air Elementalist on Aug 30, 2021.
             Slain by an orc warrior (14 damage)
             ... on level 5 of the Dungeon.
             The game lasted 00:10:54 (8340 turns).

theanonym the Magician (Mummy Air Elementalist)     Turns: 8340, Time: 00:10:55

Health: -2/46      AC:  3    Str: 11    XL:     7   Next: 53%
Magic:  7/16       EV: 11    Int: 17    God:
Gold:   204        SH:  0    Dex: 12    Spells: 12/18 levels left

rFire   . . .      SeeInvis .   d - +2 dagger (venom)
rCold   + . .      Faith    .   (no shield)
rNeg    + + +      Spirit   .   h - +0 leather armour
rPois   ∞          Reflect  .   (no helmet)
rElec   .          Harm     .   (no cloak)
rCorr   .          Rampage  .   (no gloves)
Will    .....                   (no boots)
Stlth   +.........              (no amulet)
HPRegen 0.15/turn               i - ring of protection from fire
MPRegen 0.15/turn               g - +4 ring of slaying

@: swift, very quick
A: cold resistance 1, negative energy resistance 3, torment resistance 2, heat
vulnerability 1, no potions
a: no special abilities


Innate Abilities, Weirdness & Mutations

You are immune to poison.
Your flesh is cold resistant. (rC+)
You are immune to negative energy. (rN+++)
You are immune to unholy pain and torment.
You are vulnerable to heat. (rF-)
You do not drink.


   Skills:
 + Level 2.3 Armour
 - Level 1.5 Dodging
 - Level 1.5 Stealth
 + Level 6.0 Spellcasting
 + Level 3.6 Conjurations
 + Level 4.4 Air Magic


You had 12 spell levels left.
You knew the following spells:

 Your Spells              Type           Power      Damage    Failure   Level
a - Shock                 Conj/Air       72%        1d7       3%          1
b - Static Discharge      Conj/Air       18%        N/A       4%          2
s - Swiftness             Air            20%        N/A       9%          3

Your spell library contained the following spells:

 Spells                   Type           Power      Damage    Failure   Level
 Conjure Flame            Conj/Fire      11%        6-21      24%         3
 Airstrike                Air            10%        N/A       26%         4
 Ignite Poison            Fire/Tmut/Pois 5%         N/A       45%         3
 Tukima's Dance           Hex            5%         N/A       45%         3
 Sticky Flame             Conj/Fire      11%        2d3       61%         4
 Passage of Golubria      Tloc           N/A        N/A       86%         4
 Yara's Violent Unravell  Hex/Tmut       2%         3d3       99%         5

Skill      XL: |  1  2  3  4  5  6  7 |
---------------+----------------------+-----
Conjurations   | 1 2 3 |  3.6
Spellcasting   | 3 4 5 6 |  6.0
Air Magic      | 3 4 |  4.4
Armour         | 1 2 |  2.3
Dodging        | |  1.5
Stealth        | |  1.5

Action                   |  1- 3 |  4- 6 |  7- 9 || total
-------------------------+-------+-------+-------++-------
Melee: Unarmed           |     7 |       |       ||     7
       Dagger            |     1 |     9 |     2 ||    12
Throw: Throwing net      |       |     1 |     1 ||     2
 Cast: Shock             |    95 |   181 |    57 ||   333
       Static Discharge  |       |    11 |     3 ||    14
       Swiftness         |       |     1 |     1 ||     2
  Use: Scroll            |     2 |     7 |     2 ||    11
 Stab: Held in net/web   |       |     1 |       ||     1
Armor: Robe              |     7 |     8 |       ||    15
       Leather armour    |       |    16 |     4 ||    20
Dodge: Dodged            |     7 |    46 |    14 ||    67

Inventory:

Hand Weapons
 c - a +1 dagger
 d - a +2 dagger of venom (weapon)
Armour
 a - a +0 robe
 h - a +0 leather armour (worn)
Jewellery
 g - a +4 ring of slaying (right hand)
 i - a ring of protection from fire (left hand)
Scrolls
 b - a scroll of vulnerability
 e - 2 scrolls of enchant weapon
 j - a scroll of enchant armour
 t - 3 scrolls of teleportation
 B - 4 scrolls of blinking


You were on level 5 of the Dungeon.
You visited 2 branches of the dungeon, and saw 6 of its levels.
You also visited: Sewer.

You collected 204 gold pieces.

Dungeon Overview and Level Annotations

Branches:
Dungeon (5/15)             Temple (1/1) D:4           Sewer (visited)

Altars:
Fedhas
Hepliaklqana
Nemelex Xobeh
Okawaru
Qazlal
Sif Muna
Trog
Uskayaw
Wu Jian
Xom
Yredelemnul
Zin

Annotations:
D:3 Sigmund
D:5 exclusion: sky beast

########### #.#.#####.######.#.#
..........# #.#.#.........##.#.#
..........####.............##.#Y#
..........#................##.#.#
.....<.....................##.#.#
..........#.##.#>.####.######†#<#
.............#.#..# #.# #.......
.............#.#o.# #.# #.......
.............#.#@.# #)# #.......
########+#...#.#..# #.# #.......
# #.#.....<..####.# #.......
########.....(....)....# #.......
.......#.........####### #.......
######.#.....>#..# #.......
######.#.#.##.#..# #.......
..............#..# #.......
.......#.#....#..# #.......


You could see an orc warrior.

Notes
Turn   | Place    | Note
-------+----------+-------------------------------------------
     0 | D:1      | theanonym the Mummy Air Elementalist began the quest for
                  | the Orb.
     0 | D:1      | Reached XP level 1. HP: 13/13 MP: 4/4
   159 | D:1      | Reached skill level 1 in Conjurations
   268 | D:1      | Reached skill level 3 in Spellcasting
   392 | D:1      | Reached XP level 2. HP: 19/19 MP: 4/6
   572 | D:1      | Found a faded altar of an unknown god.
   947 | D:1      | Reached XP level 3. HP: 24/24 MP: 2/7
  2023 | D:2      | You fall into a shaft and drop 2 floors!
  2023 | D:4      | Noticed a black bear
  2023 | D:4      | Noticed a black bear
  2023 | D:4      | Found a bloodstained altar of Trog.
  2165 | D:4      | Reached skill level 3 in Air Magic
  2217 | D:4      | Reached XP level 4. HP: 30/30 MP: 4/9
  2417 | D:4      | Found a glowing drain.
  2421 | Sewer    | Entered a sewer
  2423 | Sewer    | Reached skill level 4 in Spellcasting
  2423 | Sewer    | Reached skill level 2 in Conjurations
  2480 | Sewer    | Learned a level 2 spell: Static Discharge
  2493 | Sewer    | Learned a level 3 spell: Swiftness
  3127 | D:4      | HP: 9/30 [black bear (8)]
  3130 | D:4      | Found a hazy altar of Hepliaklqana.
  3130 | D:4      | Found a shimmering altar of Xom.
  3347 | D:4      | Found a staircase to the Ecumenical Temple.
  3356 | Temple   | Entered the Ecumenical Temple
  3913 | D:3      | Reached XP level 5. HP: 35/35 MP: 3/11
  4008 | D:3      | HP: 17/35 [worm (2)]
  4014 | D:3      | HP: 8/35 [worm (10)]
  4512 | D:3      | Noticed Sigmund
  5745 | D:3      | Identified a scroll of acquirement
  5747 | D:3      | Acquired a ring of protection from fire
  5853 | D:4      | Killed a black bear
  5854 | D:4      | Reached skill level 1 in Armour
  5854 | D:4      | Reached skill level 5 in Spellcasting
  5854 | D:4      | Reached XP level 6. HP: 31/41 MP: 2/13
  6086 | D:4      | Reached skill level 3 in Conjurations
  6086 | D:4      | Reached skill level 4 in Air Magic
  6310 | D:4      | Noticed a spectral ugly thing
  6452 | D:5      | Entered Level 5 of the Dungeon
  6653 | D:5      | HP: 18/41 [orc priest/divine providence (14)]
  6658 | D:5      | Reached XP level 7. HP: 14/46 MP: 8/15
  6660 | D:5      | HP: 13/46 [/static electricity (1)]
  6727 | D:5      | HP: 17/46 [quokka (3)]
  6978 | D:5      | Reached skill level 2 in Armour
  7116 | D:5      | HP: 21/46 [orc wizard/magic dart (6)]
  8263 | D:5      | Reached skill level 6 in Spellcasting
  8324 | D:5      | HP: 10/46 [orc warrior (18)]
  8340 | D:5      | Slain by an orc warrior

Vanquished Creatures
  2 black bears (D:4)
  4 hounds
  4 orc priests
  A centaur skeleton (D:5)
  3 jellies
  2 orc wizards (D:5)
  5 adders
  A river rat (D:4)
  An adder skeleton (D:4)
  An adder zombie (D:5)
  2 worms
  8 orcs
  8 ball pythons
  7 endoplasms
  10 giant cockroaches
  4 goblins
  6 hobgoblins
  6 jackals
  9 quokkas
  22 bats
  9 frilled lizards
  7 kobolds
  9 rats
131 creatures vanquished.

Vanquished Creatures (others)
  3 plants (D:5)
3 creatures vanquished.

Grand Total: 134 creatures vanquished

Table legend: (Time is in decaauts)
 A = Elapsed time spent in this place.
 B = Non-inter-level travel time spent in this place.
 C = Inter-level travel time spent in this place.
 D = Time resting spent in this place.
 E = Time spent auto-exploring this place.
 F = Levels seen in this place.
 G = Mean time per level.
                   A        B        C        D        E       F      G
               +--------+--------+--------+--------+--------+-----+--------+
         Total |   8516 |   8301 |    215 |   2745 |   4609 |   7 | 1216.6 |
       Dungeon |   7620 |   7412 |    208 |   2468 |   4098 |   5 | 1524.0 |
        Temple |    198 |    192 |      6 |      0 |    190 |   1 |  198.0 |
         Sewer |    697 |    697 |      0 |    277 |    320 |   1 |  697.0 |
               +--------+--------+--------+--------+--------+-----+--------+

Top non-repeatable levels by time:
     D:5: 1882 daAuts
     D:3: 1719 daAuts
     D:4: 1531 daAuts
     D:1: 1398 daAuts
     D:2: 1089 daAuts
   Sewer: 697 daAuts
  Temple: 198 daAuts
